Description

Builds like this one have been getting a lot of traction over time, and I decided to do an analysis based on some pro replays I found on how to go Mech in tvt with a cyclone mid-game!

Highlights:

Vs a double gas opening - get an engineering bay at 3:30 and make your third base in your natural. Get two additional factories asap followed by double armory.

Vs another Mech player - get a single early armory followed up by two additional factories and another armory

Vs a Bio player - Get two additional factories and two armories

VOD

https://www.youtube.com/watch?v=2Ijc7rgyz7M&t=12s

Replay - vs another mech player

Build Order

Get SALT Encoding   

  12  0:00  SCV  
  13  0:13  SCV  
  14  0:17  Supply Depot  
  14  0:25  SCV  
  15  0:28  Refinery  
  15  0:38  SCV  
  16  0:45  Barracks  
  16  0:52  SCV  
  17  1:04  SCV  
  18  1:16  SCV  
  19  1:31  Orbital Command  
  19  1:32  Reaper  
  20  1:44  Command Center  
  20  1:54  Factory  
  20  1:57  SCV  
  21  2:06  Barracks Reactor  
  21  2:09  SCV  
  21  2:13  Supply Depot  
  22  2:16  Refinery  
  22  2:22  SCV  
  24  2:47  Hellion, Cyclone  
  30  2:57  Orbital Command  
  31  3:08  Supply Depot, Cyclone  
  35  3:26  Cyclone  
  39  3:40  Cyclone  
  44  3:43  Supply Depot  
  44  3:48  Refinery x2  
  46  3:58  Cyclone  
  51  4:06  Supply Depot  
  51  4:15  Cyclone  
  58  4:31  Armory  
  59  4:40  Command Center  
  59  4:42  Engineering Bay  
  59  4:45  Cyclone  
  65  5:12  Missile Turret  
  67  5:17  Factory x2  
  67  5:18  Terran Vehicle Weapons Level 1  
  67  5:22  Armory  
  67  5:37  Missile Turret  
  67  5:40  Cyclone x2  
  73  5:46  Starport  
  74  5:53  Orbital Command  
  74  5:54  Barracks Reactor  
  76  6:05  Sensor Tower  
  76  6:06  Factory Tech Lab x2  
  78  6:11  Terran Vehicle And Ship Armor Level 1  
  78  6:21  Cyclone  
  87  6:31  Refinery x2  
  89  6:38  Siege Tank x2  
  92  6:43  Hellion  
  97  6:54  Factory x2  
  99  7:01  Viking  
  104  7:23  Siege Tank x2  
  104  7:24  Hellion x2  
  117  7:42  Factory Tech Lab x2  
  115  7:44  Viking x2  
  119  7:53  Hellion x2  
  119  7:56  Terran Vehicle Weapons Level 2  
  124  8:11  Command Center  
  126  8:14  Viking x2  
  126  8:17  Terran Vehicle And Ship Armor Level 2  
  130  8:23  Starport x2, Hellion x4  
  130  8:25  Infernal Pre-Igniter  
  142  8:45  Viking x2  
  153  8:52  Siege Tank x2  
  159  9:01  Starport Tech Lab x2  
  159  9:06  Fusion Core  
  161  9:16  Sensor Tower  
  165  9:34  Corvid Reactor, Viking x3  
  171  9:50  Siege Tank x2  
Spawning Tool Build Advisor. Get it on Overwolf

Go to:

Details

  • Created by: Sc2AnalysT   
  • Published on: May 14, 2018
  • Modified on: May 15, 2018
  • Patch: 4.0.0
Show
View Real Time Build Order
Export as new Build Order

Comments (1)

On Oct. 28, 2018, 12:37 a.m., phoenix4574  said:

y que pasa si te hacen un drop temprano con tanques en tu base principal?

Create an account to comment!